 Dungeon Crawl Stone Soup version 0.19-b1-5-gdc9fa9d (webtiles) character file.

121722 Gargoyl the Envoy of Void (level 16, -1/125 HPs)
             Began as a Demonspawn Abyssal Knight on Oct 31, 2016.
             Was a High Priest of Lugonu.
             Slain by a fire elemental (13 damage)
             ... led by Azrael
             ... on level 1 of the Elven Halls.
             The game lasted 01:22:34 (28107 turns).

Gargoyl the Envoy of Void (DsAK)                   Turns: 28107, Time: 01:22:35

Health: -1/125     AC: 21    Str: 25    XL:     16   Next: 33%
Magic:  0/37       EV:  7    Int: 16    God:    Lugonu [*****.]
Gold:   1706       SH: 22    Dex: 18    Spells: 0 memorised, 15 levels left

rFire  x . .     SeeInvis +     N - +6 trident "Giwupluf" {venom, *Noise rC+ rN+ MR+}
rCold  + + +     Gourm    .     F - +5 plate armour of Nickiy {MR- Str+2 Int+3}
rNeg   + . .     Faith    .     X - +0 large shield {rC+}
rPois  +         Spirit   +     (helmet restricted)
rElec  +         Reflect  +     U - +0 cloak {rPois}
rCorr  +         Harm     .     L - +0 pair of gloves
MR     +....                    (boots unavailable)
Stlth  ..........               C - +2 amulet of reflection
                                y - +4 ring of dexterity
                                T - ring "Pyceli" {Ice rElec MP+9 Str+4}

@: slowed, very slow
A: hooves 3, horns 2, yellow scales 3, see invisible, blink, cold resistance 2,
deformed body, sense surroundings 1, powered by death 2, evolution 1, magic
shield, magic regeneration
a: Blink, Depart the Abyss, Bend Space, Banish, Corrupt, Enter the Abyss,
Renounce Religion


You were on level 1 of the Elven Halls.
You worshipped Lugonu.
Lugonu was extremely pleased with you.
You were not hungry.

You visited 4 branches of the dungeon, and saw 24 of its levels.
You visited the Abyss 3 times.
You also visited: Labyrinth, Sewer and Ossuary.

You collected 2460 gold pieces.
You spent 754 gold pieces at shops.

Inventory:

Hand Weapons
 d - the +5 trident "Fafif" {freeze, rC+ Str+5}
   (You found it on level 2 of the Abyss)

   It has been specially enchanted to freeze those struck by it, causing extra
   injury to most foes and up to half again as much damage against particularly
   susceptible opponents.
   It can also slow down cold-blooded creatures.
   It affects your strength (+5).
   It protects you from cold.
 k - a +1 war axe of venom
 r - a +3 broad axe
 N - the +6 trident "Giwupluf" (weapon) {venom, *Noise rC+ rN+ MR+}
   (You found it on level 7 of the Dungeon)

   It poisons the flesh of those it strikes.
   It protects you from cold.
   It protects you from negative energy.
   It affects your resistance to hostile enchantments.
   It may make noises in combat.
Missiles
 b - 24 tomahawks (quivered)
Armour
 F - the +5 plate armour of Nickiy (worn) {MR- Str+2 Int+3}
   (You bought it in a shop on level 2 of the Orcish Mines)

   It affects your strength (+2).
   It affects your intelligence (+3).
   It affects your resistance to hostile enchantments.
 L - a +0 pair of gloves (worn)
 O - a +2 helmet
 U - a +0 cloak of poison resistance (worn)
 X - a +0 large shield of cold resistance (worn)
Jewellery
 e - an uncursed ring of protection from magic
 i - an uncursed ring of protection from fire {unknown}
 w - an uncursed amulet of regeneration
 y - a +4 ring of dexterity (right hand)
 C - a +2 amulet of reflection (around neck)
 J - an uncursed ring of positive energy {unknown}
 P - an uncursed ring of ice
 T - the ring "Pyceli" (left hand) {Ice rElec MP+9 Str+4}
   (You found it on level 1 of the Lair of Beasts)

   [ring of ice]

   It enhances your ice magic.
   It affects your strength (+4).
   It makes you vulnerable to fire.
   It protects you from cold.
   It insulates you from electricity.
   It affects your magic capacity (+9).
 Z - an uncursed ring of protection from magic
Wands
 a - a wand of disintegration (9/24)
 h - a wand of teleportation (0/9)
 l - a wand of disintegration (12/24)
 m - a wand of digging (21/24)
 t - a wand of acid (13/15)
 u - a wand of heal wounds (3/9)
 v - a wand of slowing (28/48)
 H - a wand of digging (18/24)
 I - a wand of hasting (5/9)
Scrolls
 j - 2 scrolls of fear
 o - 9 scrolls of remove curse
 K - 5 scrolls of amnesia
 R - 4 scrolls of fog
Potions
 g - 6 potions of curing
 p - a potion of invisibility
 z - 7 potions of brilliance
 A - a potion of might
 B - a potion of ambrosia
 E - 2 potions of magic
 M - 2 potions of mutation
 V - 2 potions of lignification
 W - a potion of agility
Books
 S - a book of Necromancy

   Spells                             Type                      Level
   a - Pain                           Necromancy                   1
   b - Animate Skeleton               Necromancy                   1
   c - Vampiric Draining              Necromancy                   3
   d - Regeneration                   Charms/Necromancy            3
   e - Animate Dead                   Necromancy                   4
   f - Control Undead                 Necromancy                   4
Comestibles
 c - 10 bread rations
 f - 13 fruits
 n - 3 slices of pizza
 q - 7 meat rations
 s - 11 royal jellies
 G - 3 beef jerkies


   Skills:
 + Level 11.0 Fighting
 + Level 11.1(12.8) Axes
 + Level 10.6(12.5) Polearms
 + Level 1.1 Throwing
 + Level 9.7 Armour
 + Level 3.7 Dodging
 + Level 12.8 Shields
 * Level 17.5 Invocations


You had 15 spell levels left.
You didn't know any spells.

Dungeon Overview and Level Annotations

Branches:
Dungeon (15/15) Temple (0/1) D:7 Lair (6/6) D:8 Swamp (0/4) Lair:3 Spider (0/4) Lair:2 Slime (0/5) Lair:5 Orc (2/2) D:12 Elf (1/3) Orc:2 Vaults (0/5) D:12 D:13 Depths (0/5) D:15

Altars:
Cheibriados
Dithmenos
Gozag
Makhleb
Nemelex Xobeh
Okawaru
Qazlal
Ru
Vehumet
Xom
Yredelemnul
Zin
Jiyva

Shops:
D:8 }(   D:15 *   Orc:2 [:(

Annotations:
Elf:1 Asterion, Azrael


Innate Abilities, Weirdness & Mutations

You have hooves in place of feet.
You are completely covered in yellow scales. (AC +4, rCorr)
You regenerate health from kills.
When hurt, damage is shared between your health and your magic reserves.
You regenerate magic rapidly.
You have a pair of horns on your head.
You have supernaturally acute eyesight. (SInv)
You can translocate small distances at will.
Your flesh is very cold resistant. (rC++)
Armour fits poorly on your strangely shaped body.
You passively map a small area around you.
You evolve.


Message History

The deep elf mage mumbles some strange words.
The deep elf mage blinks!
Space bends around you!
You blink.
You feel sick. You block the hell hound's attack.
Asterion says, "You're no warrior.
You fight like a peasant!"
Asterion prays to Makhleb.
You block Azrael's attack. You block the hell hound's attack.
The fire elemental hits you. The fire elemental burns you!
The fire burns you terribly!
* * * LOW HITPOINT WARNING * * *
Azrael gestures at you. The bolt of fire hits you! The fire burns you terribly!
* * * LOW HITPOINT WARNING * * *
You block the hell hound's attack.
All of the chunks of flesh in your inventory have rotted away.
Okay, then.
Okay, then.
You feel better. You block the sixfirhy's attack. The fire elemental hits you.
The fire elemental burns you! The fire burns you terribly!
You die...

* ,
#.#.#ee.#.#.#
*
#..eee243..!#
,
#..###2###..#
,
#...#.c1#...#
, , #
#.#.)<#.## , *
,
#..§#e4e#...#
#.§###h###..#
,
#..E)3RE..e)#
*
#.#.#@EH#.#.#,
#:..#...#..,#
, , , , *###
##.##### * ,
..., , * .###
**, , , , * ,,
, , * , ,,,


You could see a Hell Sentinel, Asterion, Azrael, a reaper, a shadow demon, a
deep elf knight (invisible), a yaktaur shaped shifter, an ice devil, a deep elf
mage, a sixfirhy, 3 fire elementals, a neqoxec, a chaos spawn and a hell hound.

Vanquished Creatures
  Rupert (D:12)
  A tentacled starspawn (Abyss:3)
  An orc warlord (Orc:1)
  A deep elf elementalist (Elf:1)
  A minotaur (Lab)
  Fannar (D:10)
  6 hydras
  Erolcha (D:12)
  6 centaur warriors
  An ogre mage (D:14)
  2 death yaks (Lair:6)
  An anaconda (Lair:6)
  3 tengu warriors
  Urug (Lair:5)
  2 orc high priests (Orc:2)
  2 thrashing horrors
  A deep elf knight (Elf:1)
  Nergalle (D:8)
  Sonja (D:13)
  A shadow wraith (Abyss:1)
  5 skeletal warriors (D:13)
  A fire crab (Lair:6)
  An unseen horror (D:11)
  A deep elf archer (Elf:1)
  9 hill giants
  A necromancer (D:15)
  14 ugly things
  A wizard (D:15)
  2 deep elf magi (Elf:1)
  A manticore (D:13)
  8 orc knights
  A wolf spider (Lair:2)
  9 orc sorcerers
  A worldbinder (Abyss:3)
  6 cyclopes
  Joseph (D:10)
  6 black mambas
  A naga mage (D:15)
  A black mamba (shapeshifter) (D:13)
  A guardian serpent (Abyss:1)
  8 elephants
  The ghost of Vesto the Poker, a novice MfFi of Okawaru (D:5)
  Psyche (D:10)
  11 spiny frogs
  A smoke demon (Abyss:1)
  2 kobold demonologists (D:13)
  An ancient zyme (Abyss:2)
  6 gargoyles
  A yaktaur (D:12)
  A rime drake (Lair:5)
  7 komodo dragons
  2 efreet
  A freezing wraith (D:14)
  7 trolls
  2 tengu conjurers
  2 hornets
  3 two-headed ogres
  7 large abominations
  27 blink frogs
  15 hippogriffs
  3 meliai zombies
  A centaur simulacrum (D:15)
  7 dream sheep (Lair:4)
  3 air elementals (Abyss:3)
  2 shadows (D:12)
  A vampire (D:14)
  A wraith (D:12)
  62 yaks
  4 starcursed masses (Abyss:1)
  7 basilisks
  5 wyverns
  2 chaos spawn
  16 humans (D:12)
  2 steam dragons
  3 mottled dragons
  11 wargs
  A hell hound (Elf:1)
  Duvessa (D:6)
  15 water moccasins
  15 porcupines
  A meliai simulacrum (D:15)
  6 sky beasts
  Purgy (Sewer)
  27 orc warriors
  A black bear (D:11)
  14 ogres
  2 necrophages
  An eye of draining (D:13)
  3 ice beasts
  15 centaurs
  10 wolves
  6 small abominations
  11 crocodiles
  An elf zombie (Ossuary)
  15 bullfrogs
  2 wyvern zombies (D:10)
  Dowan (D:6)
  A wyvern skeleton (D:6)
  2 earth elementals (Abyss:3)
  2 scorpions
  8 killer bees
  11 wights
  6 electric eels
  4 howler monkeys
  3 crimson imps
  7 centaur zombies
  2 quasits
  5 jellies
  4 hounds
  2 bullfrog skeletons
  2 human zombies (Ossuary)
  21 orc priests
  4 centaur skeletons
  6 iguanas
  15 orc wizards
  3 hell rats (Lair:3)
  14 worker ants
  2 hound zombies
  The ghost of Vesto the Conjurer, a weakling OpCj (D:6)
  2 mummies (Ossuary)
  A howler monkey zombie (D:5)
  Robin (D:3)
  A howler monkey skeleton (D:5)
  6 gnolls
  14 adders
  2 river rats (Lair:3)
  4 shadow imps
  6 oozes
  4 adder zombies
  2 worms
  A dart slug (D:3)
  3 leopard geckos
  79 orcs
  3 ball pythons
  13 giant cockroaches
  22 goblins
  14 hobgoblins
  11 jackals
  19 kobolds
  8 quokkas
  6 bats
  6 frilled lizards
  A goblin zombie (Ossuary)
  14 hobgoblin zombies (Ossuary)
  A jackal zombie (Ossuary)
  8 kobold zombies (Ossuary)
  4 orc zombies (Ossuary)
  A quokka skeleton (D:7)
  A quokka zombie (D:8)
  18 rats
  A rat zombie (Ossuary)
  6 fungi
  2 plants
901 creatures vanquished.

Vanquished Creatures (others)
  4 dire elephants (Lair:6)
  3 hydras
  A death yak (Lair:5)
  A spiny frog (Lair:5)
  An orc warrior (Orc:2)
  3 electric eels (D:10)
  A crimson imp (D:12)
  An orc (D:12)
  22 fungi
  13 plants
  4 starspawn tentacles (Abyss:3)
54 creatures vanquished.

Grand Total: 955 creatures vanquished

Notes
Turn   | Place    | Note
-------+----------+-------------------------------------------
     0 | Abyss:1  | Gargoyl the Demonspawn Abyssal Knight began the quest for the Orb.
     0 | Abyss:1  | Reached XP level 1. HP: 18/18 MP: 2/2
    18 | Abyss:1  | Found a corrupted altar of Lugonu.
    38 | Abyss:2  | Got an iridescent trident
    39 | Abyss:2  | Identified the +5 trident "Fafif" {freeze, rC+ Str+5} (You found it on level 2 of the Abyss)
    66 | Abyss:2  | Noticed a ynoxinul
    67 | D:1      | Escaped the Abyss
   248 | D:1      | Reached skill level 1 in Dodging
   516 | D:1      | Gained mutation: You have large cloven feet. [demonic ancestry]
   516 | D:1      | Reached XP level 2. HP: 24/24 MP: 3/3
   639 | D:1      | Reached * piety under Lugonu
   686 | D:1      | Reached skill level 3 in Invocations
   756 | D:1      | Reached XP level 3. HP: 28/29 MP: 5/5
  1371 | D:2      | Reached skill level 1 in Polearms
  1522 | D:2      | Found a radiant altar of Vehumet.
  1533 | D:2      | Reached ** piety under Lugonu
  1644 | D:2      | Gained mutation: You are partially covered in yellow scales. (AC +2) [demonic ancestry]
  1644 | D:2      | Reached XP level 4. HP: 35/36 MP: 6/6
  1670 | D:2      | Found a sacrificial altar of Ru.
  2055 | D:3      | Reached skill level 4 in Invocations
  2299 | D:4      | Reached skill level 1 in Shields
  2299 | D:4      | Reached XP level 5. HP: 36/42 MP: 8/8
  2451 | D:4      | Found a glowing drain.
  2458 | Sewer    | Entered a sewer
  2522 | Sewer    | Noticed Purgy
  2548 | Sewer    | Killed Purgy
  2548 | Sewer    | Gained mutation: You are mostly covered in yellow scales. (AC +3) [demonic ancestry]
  2548 | Sewer    | Reached XP level 6. HP: 23/48 MP: 9/9
  2974 | D:3      | Noticed Robin
  3005 | D:3      | Killed Robin
  3130 | D:3      | Reached *** piety under Lugonu
  4089 | D:4      | Reached skill level 5 in Invocations
  4089 | D:4      | Gained mutation: You regenerate a little health from kills. [demonic ancestry]
  4089 | D:4      | Reached XP level 7. HP: 54/54 MP: 10/10
  4187 | D:5      | Entered Level 5 of the Dungeon
  4299 | D:5      | Found a sand-covered staircase.
  4307 | Ossuary  | Entered an ossuary
  4441 | Ossuary  | Reached **** piety under Lugonu
  4841 | D:5      | Noticed Vesto's ghost (novice MfFi)
  4867 | D:5      | Killed Vesto's ghost
  4867 | D:5      | Reached skill level 6 in Invocations
  4867 | D:5      | Reached XP level 8. HP: 29/61 MP: 12/12
  5208 | D:5      | Found a stormy altar of Qazlal.
  5533 | D:6      | Noticed Vesto's ghost (weakling OpCj)
  5537 | D:6      | Killed Vesto's ghost
  5625 | D:6      | Reached skill level 5 in Fighting
  5684 | D:6      | Reached skill level 7 in Invocations
  6012 | D:6      | Found a glowing silver altar of Zin.
  6315 | D:6      | Reached ***** piety under Lugonu
  6951 | D:7      | Noticed a hippogriff
  6952 | D:7      | Found a staircase to the Ecumenical Temple.
  7001 | D:6      | Killed a hippogriff
  7001 | D:6      | Gained mutation: You regenerate health from kills. [demonic ancestry]
  7001 | D:6      | Reached XP level 9. HP: 42/68 MP: 14/14
  7026 | D:7      | Noticed Duvessa
  7028 | D:7      | Noticed Dowan
  7041 | D:6      | Killed Duvessa
  7044 | D:6      | Killed Dowan
  7044 | D:6      | Reached skill level 5 in Shields
  7044 | D:6      | Reached skill level 8 in Invocations
  7262 | D:7      | Found a faded altar of an unknown god.
  7262 | D:7      | Found a faded altar of an unknown god.
  7266 | D:7      | Got a translucent trident
  7267 | D:7      | Identified the +6 trident "Giwupluf" {venom, *Noise rC+ rN+ MR+} (You found it on level 7 of the Dungeon)
  7271 | D:7      | Found a faded altar of an unknown god.
  7273 | D:7      | Found a faded altar of an unknown god.
  7274 | D:7      | Found an opulent altar of Gozag.
  7293 | D:7      | Found a snail-covered altar of Cheibriados.
  7449 | D:8      | Reached skill level 5 in Polearms
  7532 | D:8      | Found Dacedaim's Gadget Shop.
  7576 | D:8      | Found a burning altar of Makhleb.
  7664 | D:8      | Reached skill level 9 in Invocations
  7760 | D:8      | Found a staircase to the Lair.
  7910 | D:8      | Gained mutation: You have hoof-like feet. [demonic ancestry]
  7910 | D:8      | Reached XP level 10. HP: 76/76 MP: 16/16
  8105 | D:8      | Found Dead Kuh's Weapon Boutique.
  8348 | D:8      | Found a sparkling altar of Nemelex Xobeh.
  8649 | D:9      | Found a basalt altar of Yredelemnul.
  8652 | D:9      | Found a shimmering altar of Xom.
  8666 | D:9      | Found an iron altar of Okawaru.
  8669 | D:9      | Found a shadowy altar of Dithmenos.
  8741 | D:9      | Reached skill level 5 in Armour
  9198 | D:9      | Reached skill level 10 in Invocations
  9347 | D:10     | Entered Level 10 of the Dungeon
  9364 | D:10     | Noticed Fannar
  9403 | D:10     | HP: 3/76 [Fannar/Ozocubu's Refrigeration (10)]
  9406 | D:10     | Killed Fannar
  9493 | D:10     | Noticed a hill giant
  9515 | D:10     | Killed a hill giant
  9689 | D:10     | Noticed Joseph
  9792 | D:10     | Killed Joseph
  9930 | D:10     | Noticed a hill giant
  9980 | D:10     | Killed a hill giant
  9980 | D:10     | Reached skill level 1 in Throwing
  9980 | D:10     | Gained mutation: When hurt, damage is shared between your health and your magic reserves. [demonic ancestry]
  9980 | D:10     | Reached XP level 11. HP: 17/83 MP: 18/18
  9981 | D:10     | Noticed Psyche
 10218 | D:10     | Killed Psyche
 11057 | Lair:1   | Entered Level 1 of the Lair of Beasts
 11057 | Lair:1   | Noticed Nergalle
 11080 | D:8      | Killed Nergalle
 11080 | D:8      | Reached skill level 11 in Invocations
 11210 | Lair:1   | Reached skill level 5 in Axes
 11744 | Lair:1   | Found a sparkling altar of Nemelex Xobeh.
 12016 | Lair:1   | Got a warped granite ring
 12258 | Lair:2   | Noticed a four-headed hydra
 12270 | Lair:2   | Killed a four-headed hydra
 12312 | Lair:2   | HP: 3/84 [porcupine (8)]
 12471 | Lair:2   | Gained mutation: You have hooves in place of feet. [demonic ancestry]
 12471 | Lair:2   | Reached XP level 12. HP: 91/91 MP: 20/20
 12473 | Lair:2   | Identified the ring "Pyceli" {Ice rElec MP+9 Str+4} (You found it on level 1 of the Lair of Beasts)
 12533 | Lair:2   | Reached ****** piety under Lugonu
 12589 | Lair:2   | Reached skill level 12 in Invocations
 12871 | Lair:2   | Noticed a five-headed hydra
 12885 | Lair:2   | Killed a five-headed hydra
 13024 | Lair:2   | Found a hole to the Spider Nest.
 13113 | Lair:2   | Noticed a seven-headed hydra
 13115 | Lair:2   | Banished a seven-headed hydra
 13811 | Lair:3   | Noticed a five-headed hydra
 13813 | Lair:3   | Banished a five-headed hydra
 13925 | Lair:3   | Found a staircase to the Swamp.
 14650 | Lair:4   | Reached skill level 13 in Invocations
 14657 | Lair:4   | Found a labyrinth entrance.
 14730 | Lab      | Entered a labyrinth
 15356 | Lab      | Noticed a minotaur
 15364 | Lab      | Killed a minotaur
 15364 | Lab      | Reached XP level 13. HP: 99/99 MP: 22/22
 15382 | Lab      | Got a vibrating copper amulet
 15382 | Lab      | Got a transparent iron amulet
 15384 | Lab      | Identified the amulet "Caivutz" {+Rage Int+7} (You found it in a labyrinth)
 15385 | Lab      | Identified the amulet "Eluuvegiaxt" {Spirit Int+2} (You found it in a labyrinth)
 15755 | Lair:4   | You fall through a shaft!
 15836 | Lair:5   | Noticed Urug
 15862 | Lair:5   | HP: 6/148 [Urug/demon trident of flaming (6)]
 16014 | Lair:5   | Killed Urug
 16566 | Lair:5   | Found a viscous altar of Jiyva.
 16566 | Lair:5   | Found a staircase to the Slime Pits.
 16965 | Lair:6   | Entered Level 6 of the Lair of Beasts
 16984 | Lair:5   | Reached skill level 10 in Shields
 17477 | Lair:6   | HP: 3/101 [komodo dragon (9)]
 17675 | Lair:5   | Reached skill level 14 in Invocations
 18217 | Lair:6   | Reached skill level 10 in Axes
 18459 | Lair:6   | Gained mutation: You are completely covered in yellow scales. (AC +4, rCorr) [demonic ancestry]
 18459 | Lair:6   | Reached XP level 14. HP: 48/108 MP: 15/24
 19742 | D:11     | Reached skill level 15 in Invocations
 20088 | D:11     | Gained mutation: Your flesh is cold resistant. (rC+) [mutagenic meat]
 20089 | D:11     | Gained mutation: You can translocate small distances at will. [mutagenic meat]
 20090 | D:11     | Gained mutation: You have supernaturally acute eyesight. (SInv) [mutagenic meat]
 20091 | D:11     | Gained mutation: You are frail. (-10% HP) [mutagenic meat]
 20092 | D:11     | Gained mutation: Your mind is acute. (Int +2) [mutagenic meat]
 20651 | D:12     | Noticed Erolcha
 20661 | D:12     | Killed Erolcha
 20738 | D:12     | Lost mutation: You are frail. (-10% HP) [mutagenic meat]
 20739 | D:12     | Lost mutation: Your mind is acute. (Int +2) [mutagenic meat]
 20740 | D:12     | Gained mutation: You evolve. [mutagenic meat]
 20741 | D:12     | Gained mutation: You passively map a small area around you. [mutagenic meat]
 20742 | D:12     | Gained mutation: Your flesh is very cold resistant. (rC++) [mutagenic meat]
 21298 | D:12     | Found a staircase to the Orcish Mines.
 21779 | D:13     | Found a gate to the Vaults.
 21779 | D:13     | Noticed Rupert
 21853 | D:12     | Paralysed by Rupert for 5 turns
 21863 | D:12     | Killed Rupert
 21882 | D:12     | Reached skill level 10 in Fighting
 22393 | D:13     | Identified a scroll of acquirement
 22445 | D:13     | Noticed Sonja
 22585 | D:13     | Gained mutation: You have a pair of small horns on your head. [evolution]
 22627 | D:13     | Cast into level 1 of the Abyss (Sonja)
 22689 | D:13     | Escaped the Abyss
 22692 | D:13     | Killed Sonja
 22765 | D:13     | Gained mutation: You regenerate magic rapidly. [demonic ancestry]
 22765 | D:13     | Reached XP level 15. HP: 98/115 MP: 26/26
 23013 | D:13     | Reached skill level 16 in Invocations
 23315 | D:14     | Upgraded the game from 0.19-b1-4-gd8a0a2a to 0.19-b1-5-gdc9fa9d
 23733 | D:14     | Got a crude silver ring
 23738 | D:14     | Identified the ring "Jopeduk" {Int+3 SInv Stlth+} (You took it off a vampire on level 14 of the Dungeon)
 24211 | D:15     | Entered Level 15 of the Dungeon
 24309 | D:15     | Found Jitup's General Store.
 24314 | D:15     | Bought 2 potions of heal wounds for 110 gold pieces
 24865 | D:15     | Found a staircase to the Depths.
 25396 | Orc:1    | Entered Level 1 of the Orcish Mines
 25409 | Orc:1    | Paralysed by an orc sorcerer for 3 turns
 25456 | Orc:1    | Found an iron altar of Okawaru.
 25486 | Orc:1    | Paralysed by an orc sorcerer for 2 turns
 25754 | Abyss:1  | Reached skill level 17 in Invocations
 25863 | Abyss:2  | Reached skill level 10 in Polearms
 26092 | Abyss:3  | Noticed a tentacled starspawn
 26110 | Abyss:3  | Killed a tentacled starspawn
 26152 | Orc:1    | Escaped the Abyss
 26190 | D:12     | Reached XP level 16. HP: 87/124 MP: 28/28
 26538 | Orc:1    | Gained mutation: You have a pair of horns on your head. [evolution]
 26736 | Orc:2    | Entered Level 2 of the Orcish Mines
 26736 | Orc:2    | Found a staircase to the Elven Halls.
 26736 | Orc:2    | Found Onkucour's General Store.
 26955 | Orc:2    | Found Ikhac's Book Shoppe.
 27662 | Orc:2    | Gained mutation: Armour fits poorly on your strangely shaped body. [a neqoxec]
 27752 | Orc:2    | Found Bodif's Antique Weapon Shop.
 27820 | Orc:2    | Found Beto's Antique Armour Boutique.
 27828 | Orc:2    | Bought a bloodstained plate armour for 644 gold pieces
 27839 | Orc:2    | Identified the +5 plate armour of Nickiy {MR- Str+2 Int+3} (You bought it in a shop on level 2 of the Orcish Mines)
 28066 | Elf:1    | Entered Level 1 of the Elven Halls
 28097 | Elf:1    | Noticed Asterion
 28099 | Elf:1    | Noticed a Hell Sentinel
 28100 | Elf:1    | Noticed Azrael
 28106 | Elf:1    | HP: 3/125 [Azrael/bolt of fire (28)]
 28107 | Elf:1    | Slain by a fire elemental

Skill      XL: |  1  2  3  4  5  6  7  8  9 10 11 12 13 14 15 16 |
---------------+-------------------------------------------------+-----
Dodging        | 1 2 3 |  3.7
Invocations    | 3 4 5 6 7 9 10 11 13 14 15 17 | 17.5
Armour         | 2 3 4 5 6 7 8 9 |  9.7
Polearms       | 1 2 3 4 5 7 8 10 | 10.6
Shields        | 1 2 3 4 5 6 8 9 10 11 12 | 12.8
Fighting       | 4 5 6 7 8 9 10 11 | 11.0
Axes           | 3 4 6 8 10 11 | 11.1
Throwing       | 1 |  1.1

Action                   |  1- 3 |  4- 6 |  7- 9 | 10-12 | 13-15 | 16-18 || total
-------------------------+-------+-------+-------+-------+-------+-------++-------
Melee: Trident           |   121 |   171 |   346 |   199 |  1083 |   342 ||  2262
       Kick              |     1 |       |       |   122 |   948 |   165 ||  1236
       War axe           |       |       |   141 |   566 |   511 |       ||  1218
       Broad axe         |       |       |       |       |   447 |       ||   447
       Headbutt          |       |       |       |       |   311 |   106 ||   417
Throw: Tomahawk          |       |     2 |       |     5 |     7 |       ||    14
Invok: Depart the Abyss  |     1 |       |       |       |     2 |       ||     3
       Banish            |       |       |       |     7 |    38 |       ||    45
       Bend Space        |       |       |       |       |     2 |     1 ||     3
       Enter the Abyss   |       |       |       |       |     1 |       ||     1
Evoke: Wand              |       |       |       |     1 |     2 |       ||     3
  Use: Scroll            |     1 |     7 |     8 |    11 |    19 |     1 ||    47
       Potion            |       |     1 |       |    21 |    16 |     1 ||    39
 Stab: Invisible         |       |       |       |     3 |     3 |       ||     6
       Distracted        |       |       |       |       |     1 |       ||     1
       Confused          |       |       |       |       |     1 |       ||     1
       Paralysed         |       |       |       |       |       |     3 ||     3
  Eat: Chunk             |     2 |     9 |     4 |    13 |    34 |     5 ||    67
       Bread ration      |       |       |     2 |     2 |     6 |       ||    10
       Fruit             |       |       |       |    10 |       |       ||    10
Armor: Ring mail         |    27 |       |       |       |       |       ||    27
       Leather armour    |    11 |       |       |       |       |       ||    11
       Chain mail        |    17 |   130 |   283 |    51 |       |       ||   481
       Plate armour      |       |       |       |   482 |  1011 |   128 ||  1621
Dodge: Dodged            |    41 |    24 |    61 |   129 |   341 |    37 ||   633
Block: Large shield      |    71 |   157 |   447 |   867 |  1998 |   357 ||  3897
       Reflection        |       |       |       |       |       |     4 ||     4
